 Dungeon Crawl Stone Soup version 0.28-a0-834-g1a73be5ee4 (webtiles) character file.

Game seed: 729563359986598513

302808 siradein the Spry (level 21, -7/258 HPs)
             Began as a Merfolk Gladiator on Nov 11, 2021.
             Was the Champion of Okawaru.
             Mangled by Mennas (33 damage)
             ... in the Arena on Nov 12, 2021.
             The game lasted 03:02:56 (44507 turns).

siradein the Spry (Merfolk Gladiator)              Turns: 44507, Time: 03:02:56

Health: -7/258     AC: 12    Str: 33    XL:     21   Next: 7%
Magic:  26/31      EV: 33    Int: 21    God:    Okawaru [******]
Gold:   2624       SH: 21    Dex: 29    Spells: 32/34 levels left

rFire   . . .      SeeInvis +   t - +9 demon trident (venom)
rCold   + + .      Faith    +   k - +5 kite shield {rC+}
rNeg    + + .      Spirit   .   R - +0 robe "Duok" {Regen+ Str+4 Slay+2}
rPois   +          Reflect  .   c - +1 hat of Seifoicu {Regen+ Int+4 Dex+3}
rElec   +          Harm     .   A - +2 cloak {Will+}
rCorr   .          Rampage  .   Z - +0 pair of gloves of the Northern Lights {-Tele rElec Regen+ Str+8}
Will    +++..      NoTele   +   z - +2 pair of boots
Stlth   ..........              g - amulet of Seros {Faith rC+ rN++ Will+ Regen+}
HPRegen 4.53/turn               N - ring "Figg" {Str+2 SInv}
MPRegen 0.22/turn               l - ring of Ozxaval {Drain +Blink rPois Int+9 Dex+6}

@: mighty, berserking (expiring), glowing, studying Transmutations, silenced,
duelling, very quick
A: (nimble swimmer 2), mertail, wild magic 1, sturdy frame 1
}: 2/15 runes: serpentine, barnacled
a: Renounce Religion, Evoke Blink


You were in the Arena.
You worshipped Okawaru.
Okawaru was exalted by your worship.
You visited 6 branches of the dungeon, and saw 35 of its levels.
You visited 1 bazaar.
You also visited: Gauntlet and Ice Cave.

You collected 5168 gold pieces.
You spent 2544 gold pieces at shops.

Inventory:

Hand Weapons
 t - a +9 demon trident of venom (weapon)
Missiles
 d - 13 throwing nets
 o - 11 datura-tipped darts
 r - 9 silver boomerangs
 B - 45 javelins
 L - 44 boomerangs
 M - 18 atropa-tipped darts
 P - 8 curare-tipped darts
 V - 17 silver javelins
Armour
 b - a +2 cloak of cold resistance
 c - the +1 hat of Seifoicu (worn) {Regen+ Int+4 Dex+3}
   (Okawaru gifted it to you on level 12 of the Dungeon)

   Int:       It affects your intelligence (+4).
   Dex:       It affects your dexterity (+3).
   Regen:     It increases your rate of health regeneration.
 j - +0 acid dragon scales
 k - a +5 kite shield of cold resistance (worn)
 z - a +2 pair of boots (worn)
 A - a +2 cloak of willpower (worn)
 R - the +0 robe "Duok" (worn) {Regen+ Str+4 Slay+2}
   (Okawaru gifted it to you on level 4 of the Shoals)

   Str:       It affects your strength (+4).
   Slay:      It affects your accuracy & damage with ranged weapons and melee
   (+2).
   Regen:     It increases your rate of health regeneration.
 Z - the +0 pair of gloves of the Northern Lights (worn) {-Tele rElec Regen+ Str+8}
   (You found it on level 11 of the Dungeon)

   Str:       It affects your strength (+8).
   rElec:     It insulates you from electricity.
   -Tele:     It prevents most forms of teleportation.
   Regen:     It increases your rate of health regeneration.
Jewellery
 g - the amulet of Seros (around neck) {Faith rC+ rN++ Will+ Regen+}
   (You found it in a Gauntlet)

   [amulet of faith]

   It allows you to gain divine favour quickly.
   rC:        It protects you from cold.
   rN:        It greatly protects you from negative energy.
   Regen:     It increases your rate of health regeneration.
   Will:      It increases your willpower.
 l - the ring of Ozxaval (right hand) {Drain +Blink rPois Int+9 Dex+6}
   (You found it in a Gauntlet)

   [ring of dexterity]

   Int:       It affects your intelligence (+9).
   Dex:       It affects your dexterity (+6).
   rPois:     It protects you from poison.
   +Blink:    It lets you blink.
   Drain:     It drains your maximum health when unequipped.
 m - the ring "Ijees" {Wiz MP+9}
   (You found it on level 2 of the Lair of Beasts)

   [ring of wizardry]

   It improves your spell success rate.
   MP:        It affects your magic capacity (+9).
 N - the ring "Figg" (left hand) {Str+2 SInv}
   (You took it off a merfolk impaler on level 1 of the Shoals)

   [ring of see invisible]

   Str:       It affects your strength (+2).
   SInv:      It lets you see invisible.
 U - the ring "Mapra" {rF++ Int+6}
   (You found it on level 9 of the Dungeon)

   [ring of intelligence]

   Int:       It affects your intelligence (+6).
   rF:        It greatly protects you from fire.
Wands
 q - a wand of paralysis (54)
 w - a wand of acid (42)
 F - a wand of iceblast (50)
 J - a wand of mindburst (30)
 X - a wand of polymorph (27)
 Y - a wand of flame (69)
Scrolls
 a - 6 scrolls of fog
 e - 6 scrolls of magic mapping
 y - 25 scrolls of teleportation
 H - 4 scrolls of fear
 I - 20 scrolls of identify
 Q - a scroll of silence
 S - a scroll of holy word
 T - a scroll of brand weapon
 W - 13 scrolls of blinking
Potions
 f - 2 potions of resistance
 h - 4 potions of invisibility
 i - 6 potions of mutation
 p - 3 potions of berserk rage
 s - 5 potions of haste
 u - 11 potions of curing
 v - 4 potions of brilliance
 x - 2 potions of ambrosia
 C - 4 potions of heal wounds
 D - 3 potions of magic
 E - 3 potions of might
 G - 2 potions of cancellation
 O - 7 potions of flight
Miscellaneous
 n - a lightning rod (4/4)
 K - a phial of floods


   Skills:
 + Level 16.7 Fighting
 - Level 14.0 Polearms
 + Level 15.4 Throwing
 + Level 11.8 Armour
 + Level 19.6 Dodging
 + Level 13.0 Shields
 + Level 7.0 Spellcasting
 + Level 12.9 Transmutations
 + Level 12.1 Invocations
 + Level 8.7 Evocations


You had 32 spell levels left.
You knew the following spells:

 Your Spells              Type           Power      Damage    Failure   Level
a - Wereblood             Tmut           69%        N/A       1%          2

Your spell library contained the following spells:

 Spells                   Type           Power      Damage    Failure   Level
 Beastly Appendage        Tmut           100%       N/A       1%          1
 Sting                    Tmut/Pois      100%       1d8       1%          1
 Passwall                 Tmut/Erth      37%        N/A       2%          2
 Blade Hands              Tmut           34%        N/A       3%          5
 Spider Form              Tmut/Pois      45%        N/A       4%          3
 Petrify                  Tmut/Erth      45%        N/A       12%         4
 Foxfire                  Conj/Fire      36%        2x1d5     16%         1
 Freeze                   Ice            36%        1d6       16%         1
 Magic Dart               Conj           36%        1d4       16%         1
 Slow                     Hex            36%        N/A       16%         1
 Blink                    Tloc           18%        N/A       24%         2
 Corpse Rot               Necr/Air       18%        N/A       24%         2
 Ensorcelled Hibernation  Hex/Ice        18%        N/A       24%         2
 Poisonous Vapours        Pois/Air       18%        N/A       24%         2
 Searing Ray              Conj           18%        2d5       24%         2
 Sublimation of Blood     Necr           9%         N/A       24%         2
 Alistair's Intoxication  Tmut/Pois      30%        N/A       30%         5
 Irradiate                Conj/Tmut      22%        3d20      30%         5
 Confusing Touch          Hex            9%         N/A       41%         3
 Conjure Flame            Conj/Fire      9%         6-21      41%         3
 Dazzling Flash           Conj/Hex       18%        N/A       41%         3
 Frozen Ramparts          Ice            18%        1d3       41%         3
 Gell's Gravitas          Tloc           9%         N/A       41%         3
 Inner Flame              Hex/Fire       9%         N/A       41%         3
 Lesser Beckoning         Tloc           9%         N/A       41%         3
 Swiftness                Air            9%         N/A       41%         3
 Teleport Other           Tloc           9%         N/A       41%         3
 Vampiric Draining        Necr           9%         2d6       41%         3
 Dragon Form              Tmut           34%        N/A       50%         7
 Flame Wave               Conj/Fire      9%         3d4       80%         4
 Fulminant Prism          Conj/Hex       4%         3d6       80%         4
 Hailstorm                Conj/Ice       9%         3d4       80%         4
 Iskenderun's Mystic Bla  Conj/Tloc      9%         2d4       80%         4
 Leda's Liquefaction      Hex/Erth       4%         N/A       80%         4
 Olgreb's Toxic Radiance  Pois           9%         N/A       80%         4
 Eringya's Noxious Bog    Tmut/Pois      22%        N/A       82%         6
 Statue Form              Tmut/Erth      30%        N/A       82%         6
 Agony                    Necr           9%         N/A       98%         5
 Borgnjor's Vile Clutch   Necr/Erth      4%         N/A       98%         5
 Fireball                 Conj/Fire      4%         3d4       98%         5
 Iskenderun's Battlesphe  Conj           9%         2d6       98%         5
 Lee's Rapid Deconstruct  Erth           4%         3d6*      98%         5
 Manifold Assault         Tloc           9%         N/A       98%         5
 Silence                  Hex/Air        4%         N/A       98%         5
 Conjure Ball Lightning   Conj/Air       4%         3x3d6     100%        6
 Starburst                Conj/Fire      4%         6d4       100%        6
 Orb of Destruction       Conj           4%         9d2       100%        7
 Ignition                 Fire           4%         3d4       100%        8
 Call Imp                 Summ           Unusable   N/A       N/A         2
 Tukima's Dance           Hex            Unusable   N/A       N/A         3

Dungeon Overview and Level Annotations

Branches:
Dungeon (15/15)            Temple (0/1) D:6            Lair (6/6) D:11
 Shoals (4/4) Lair:4        Snake (4/4) Lair:2        Slime (0/5) Lair:5
    Orc (2/2) D:12            Elf (0/3) Orc:2        Vaults (4/5) D:13
  Crypt (0/3) Vaults:3     Depths (0/4) D:15          IceCv (visited)
Gauntlet (visited)

Altars:
Elyvilon
Gozag
Okawaru
Qazlal
Xom
Yredelemnul
Beogh
Lugonu

Shops:
D:8 :   Orc:2 ::[*   Shoals:3 *   Snake:1 (:   Snake:3 *   Vaults:1 (

Portals:
Abyss: Shoals:2

Annotations:
Arena Mennas


Innate Abilities, Weirdness & Mutations

((You are quick and stealthy near water. (Stealth+, EV+, Speed+++)))
Your lower body shifts to a powerful aquatic tail in water.
Your spells are a little harder to cast, but a little more powerful.
Your movements are slightly less encumbered by armour. (ER -2)


Message History

Mennas is lightly wounded.
You stick Mennas like a pincushion!!!
Mennas is moderately wounded.
Mennas gestures frantically.
You resist with almost no effort.
You miss Mennas.
Mennas is moderately wounded.
Mennas drinks a potion.
Mennas is healed!
Mennas looks more healthy.
Mennas blocks your attack.
Mennas is moderately wounded.
You block Mennas's attack. x2
You barely miss Mennas.
Mennas is moderately wounded.
You closely miss Mennas.
Mennas is moderately wounded.
Mennas misses you. Mennas hits you but does no damage.
Mennas blocks your attack.
Mennas is moderately wounded.
You block Mennas's attack.
Mennas hits you with a +1 eudemon blade of holy wrath!
* * * LOW HITPOINT WARNING * * *
You impale Mennas!!
Mennas is heavily wounded.
Mennas blocks your attack.
Mennas is heavily wounded.
Mennas hits you with a +1 eudemon blade of holy wrath!!
* * * LOW HITPOINT WARNING * * *
Mennas completely misses you.
You closely miss Mennas.
Mennas is heavily wounded.
You puncture Mennas!
Mennas is severely wounded.
Mennas gestures frantically.
Mennas's surroundings become eerily quiet.
You puncture Mennas!
Mennas is severely wounded.
Mennas shakes his head sadly.
Mennas hits you with a +1 eudemon blade of holy wrath!!
You die...
Okawaru crowns Mennas victorious!

#########
##..▓▓▓..##
##.p▓▓.▓▓..##
##.p▓▓...▓▓p.##
#..▓▓.....▓▓p.#
#.▓▓.......▓▓p#
#p▓.........▓▓#
#▓....∩....▓∩#
#p▓.....A@..▓▓#
#.▓▓.......▓▓.#
#..▓▓.....▓▓p.#
##..▓▓...▓▓p.##
##.p▓▓.▓▓p.##
##.p▓▓▓..##
#########


You could see Mennas (silencing).

Vanquished Creatures
  Bai Suzhen (Shoals:4)
  Vashnia (Snake:4)
  A tentacled monstrosity (Shoals:1)
  A titan (Vaults:3)
  A lich (Vaults:1)
  Mlioglotl (Snake:4)
  2 krakens
  Polyphemus (Shoals:4)
  3 nagarajas
  2 azure jellies (IceCv)
  Aizul (Snake:2)
  9 vault wardens
  14 ironbound preservers
  8 very ugly things
  A deep elf demonologist (Vaults:3)
  A deep elf annihilator (Vaults:3)
  4 dire elephants (Vaults:1)
  A minotaur (Gauntlet)
  An ettin (Vaults:3)
  Josephine (D:15)
  5 merfolk javelineers
  15 merfolk impalers
  2 vault guards
  9 yaktaur captains
  3 great orbs of eyes
  11 naga warriors
  8 ironbound thunderhulks
  9 boulder beetles
  3 salamander tyrants (Snake:4)
  6 ironbound frosthearts
  An ogre mage (D:13)
  Erolcha (D:9)
  Harold (Lair:1)
  A death knight (D:14)
  10 anacondas
  6 merfolk avatars
  5 centaur warriors
  A catoblepas (shapeshifter) (Vaults:4)
  4 hydras
  3 satyrs (Shoals:4)
  2 catoblepae
  A hell hog (Gauntlet)
  5 merfolk aquamancers (Shoals:1)
  A deep troll shaman (Lair:6)
  3 two-headed ogres
  3 tengu warriors
  10 death yaks
  9 shock serpents
  A titan zombie (D:15)
  Urug (Orc:2)
  A vampire mage (Arena)
  5 orc high priests (Orc:2)
  11 naga sharpshooters
  2 thrashing horrors (Shoals:2)
  A hell knight (Vaults:3)
  Sonja (Lair:1)
  A storm dragon zombie (D:15)
  6 skeletal warriors
  A wretched star (Shoals:2)
  12 sea snakes
  4 salamander mystics
  An obsidian statue (D:14)
  A glowing orange brain (Vaults:4)
  38 deep trolls
  A phantasmal warrior (D:15)
  16 ironbound convokers
  5 wizards
  A harpy (shapeshifter) (D:15)
  22 harpies
  5 naga ritualists
  9 lindwurms
  3 deep elf pyromancers
  9 orc knights
  3 necromancers
  20 fauns
  17 ugly things
  10 oklob plants
  An orc sorcerer (Orc:1)
  13 mana vipers
  10 manticores
  A shadow dragon skeleton (Vaults:1)
  A human zombie (Vaults:1)
  6 cyclopes
  5 elephants (Lair:6)
  10 salamanders
  8 merfolk sirens
  36 black mambas
  An ice statue (IceCv)
  4 guardian serpents
  7 vault sentinels
  5 water nymphs
  2 gargoyles (D:13)
  8 naga magi
  A stone giant skeleton (D:15)
  6 apocalypse crabs
  13 cane toads
  A spriggan zombie (D:15)
  2 torpor snails
  An unseen horror (D:10)
  A yaktaur zombie (Vaults:1)
  11 komodo dragons
  A kobold demonologist (D:13)
  A rime drake (Lair:6)
  2 efreet (D:15)
  22 yaktaurs
  Maggie (D:8)
  A tengu conjurer (D:14)
  3 trolls
  An entropy weaver simulacrum (IceCv)
  The ghost of sojurn the Cudgeller, an amateur MiBe of Trog (D:3)
  27 merfolk
  A hornet (D:8)
  5 wind drakes
  Grinder (D:3)
  2 polar bears
  10 blink frogs
  60 slime creatures
  14 dream sheep
  12 snapping turtles
  A centaur simulacrum (Gauntlet)
  A shadow (D:9)
  7 wraiths
  66 yaks
  4 wyverns
  Sigmund (D:3)
  A small abomination (Shoals:2)
  3 water elementals
  Grum (Lair:1)
  3 vampires (Vaults:3)
  A fire bat (shapeshifter) (D:14)
  A chaos spawn (Shoals:2)
  2 fire bats (Gauntlet)
  5 basilisks
  2 steam dragons (D:9)
  A yaktaur simulacrum (Vaults:3)
  A death yak simulacrum (Orc:2)
  2 harpy simulacra (Gauntlet)
  16 vampire mosquitoes
  2 wargs (Orc:2)
  30 nagas
  A spatial vortex (Shoals:2)
  A hydra simulacrum (Gauntlet)
  2 demonic crawler simulacra (IceCv)
  14 water moccasins
  A floating eye (Lair:3)
  A hell hound (Gauntlet)
  2 acid dragons
  5 black bears
  29 orc warriors
  2 ice beasts
  A sky beast (D:5)
  3 ugly thing simulacra (IceCv)
  9 ogres
  20 wolves
  A boggart (D:13)
  12 centaurs
  2 phantoms
  6 kobold brigands
  7 bullfrogs
  4 glowing shapeshifter simulacra (IceCv)
  2 scorpions
  A two-headed ogre simulacrum (Orc:2)
  A wyvern skeleton (D:7)
  14 killer bees
  7 wights
  A howler monkey (D:4)
  3 electric eels
  A howler monkey (shapeshifter) (Vaults:2)
  A bullfrog zombie (D:5)
  6 centaur skeletons
  4 centaur zombies
  2 hounds
  4 jellies
  31 orc priests
  Crazy Yiuf (D:3)
  A bullfrog skeleton (D:5)
  Jessica (D:3)
  Ijyb (D:3)
  2 iguanas
  Natasha (thrice) (D:3)
  13 orc wizards
  2 troll simulacra (Orc:2)
  2 spriggan simulacra (Orc:2)
  2 wolf simulacra (Orc:2)
  2 killer bee zombies (D:7)
  A hound skeleton (D:4)
  Robin (D:2)
  3 gnolls
  11 adders
  A white imp (Vaults:3)
  An ufetubus (D:4)
  An adder skeleton (D:4)
  2 adder zombies (D:3)
  A worm (D:3)
  A dart slug (D:4)
  61 orcs
  5 ball pythons
  7 endoplasms
  7 giant cockroaches
  11 hobgoblins
  8 jackals
  4 quokkas
  6 bats
  5 frilled lizards
  28 goblins
  24 kobolds
  8 rats
  3 tentacles
1302 creatures vanquished.

Vanquished Creatures (others)
  An unseen horror (D:12)
  A glowing shapeshifter simulacrum (IceCv)
  18 fungi
  194 plants
  12 tentacles
  4 withered plants (D:15)
230 creatures vanquished.

Grand Total: 1532 creatures vanquished

Notes
Turn   | Place    | Note
-------+----------+-------------------------------------------
     0 | D:1      | siradein the Merfolk Gladiator began the quest for the Orb.
     0 | D:1      | Reached XP level 1. HP: 16/16 MP: 1/1
   232 | D:1      | Reached XP level 2. HP: 22/23 MP: 2/2
   763 | D:1      | Reached XP level 3. HP: 26/28 MP: 3/3
  1466 | D:2      | Noticed Robin
  1474 | D:1      | Reached skill level 5 in Polearms
  1482 | D:1      | Reached XP level 4. HP: 26/34 MP: 4/4
  1634 | D:1      | Reached skill level 1 in Armour
  1784 | D:2      | Killed Robin
  2348 | D:2      | Found a faded altar of an unknown god.
  2610 | D:3      | Reached skill level 5 in Dodging
  2610 | D:3      | Reached XP level 5. HP: 38/41 MP: 5/5
  2714 | D:3      | Noticed Sigmund
  2859 | D:3      | Noticed Jessica
  2867 | D:3      | Killed Jessica
  3075 | D:3      | Killed Sigmund
  3076 | D:3      | Reached XP level 6. HP: 48/48 MP: 6/6
  3427 | D:3      | Noticed Grinder
  3438 | D:3      | Paralysed by Grinder for 3 turns
  3442 | D:3      | Killed Grinder
  3443 | D:3      | Reached XP level 7. HP: 15/54 MP: 7/7
  3780 | D:3      | Noticed Natasha
  3786 | D:3      | Killed Natasha
  3787 | D:3      | Reached skill level 6 in Dodging
  3830 | D:3      | Found a runed translucent gate.
  3830 | D:3      | Found a runed translucent gate.
  3830 | D:3      | Found a runed translucent gate.
  3830 | D:3      | Noticed sojurn's ghost (amateur MiBe)
  3832 | D:3      | Found a basalt altar of Yredelemnul.
  4017 | D:3      | Noticed Ijyb
  4025 | D:3      | Killed Ijyb
  4143 | D:3      | Found a runed translucent door.
  4144 | D:3      | Noticed Crazy Yiuf
  4411 | D:3      | Noticed Natasha
  4421 | D:3      | Killed Natasha
  4703 | D:3      | Noticed Natasha
  4710 | D:3      | Killed Natasha
  4922 | D:4      | You fall into a shaft and drop 2 floors!
  4935 | D:6      | Reached XP level 8. HP: 39/61 MP: 8/8
  5055 | D:6      | Reached skill level 5 in Fighting
  5082 | D:5      | Entered Level 5 of the Dungeon
  5521 | D:4      | Reached skill level 7 in Dodging
  6114 | D:5      | Reached skill level 5 in Throwing
  6343 | D:5      | Identified the ring "Giymocug" {rF- rC+ EV+4 Int+4}
  6395 | D:5      | Found a stormy altar of Qazlal.
  6396 | D:5      | Found an iron altar of Okawaru.
  6400 | D:5      | Found a white marble altar of Elyvilon.
  6400 | D:5      | Found an opulent altar of Gozag.
  6408 | D:5      | Became a worshipper of Warmaster Okawaru
  6432 | D:5      | Reached XP level 9. HP: 69/69 MP: 9/9
  6960 | D:6      | Identified the +4 hunting sling "Archeo" {venom, *Corrode
                  | rF+++ Str+2 Dex+4}
  7069 | D:6      | Found a staircase to the Ecumenical Temple.
  7351 | D:6      | Reached skill level 8 in Dodging
  8227 | D:6      | Gained mutation: Your spells are a little harder to cast,
                  | but a little more powerful. [potion of mutation]
  8227 | D:6      | Gained mutation: Your movements are slightly less
                  | encumbered by armour. (ER -2) [potion of mutation]
  8317 | D:6      | Reached * piety under Okawaru
  9579 | D:7      | Found a shimmering altar of Xom.
  9657 | D:8      | Noticed a hornet
  9664 | D:8      | Killed a hornet
  9665 | D:8      | Reached skill level 9 in Dodging
  9665 | D:8      | Reached XP level 10. HP: 79/79 MP: 10/10
  9709 | D:8      | Reached skill level 10 in Polearms
 10095 | D:8      | Noticed a two-headed ogre
 10109 | D:8      | Killed a two-headed ogre
 10109 | D:8      | Reached ** piety under Okawaru
 10430 | D:8      | Found Ymmak's Book Shoppe.
 10558 | D:8      | Noticed Maggie
 10566 | D:8      | Killed Maggie
 10694 | D:8      | Reached skill level 5 in Armour
 11446 | D:9      | Reached skill level 10 in Dodging
 11455 | D:9      | Reached *** piety under Okawaru
 11502 | D:9      | Noticed Erolcha
 11524 | D:9      | Received a gift from Okawaru
 11591 | D:9      | Killed Erolcha
 11592 | D:9      | Reached XP level 11. HP: 76/87 MP: 11/11
 11850 | D:9      | HP: 2/87 [something (27)]
 12001 | D:9      | Identified the ring "Mapra" {rF++ Int+6}
 12453 | D:10     | Entered Level 10 of the Dungeon
 12474 | D:10     | Reached **** piety under Okawaru
 12554 | D:10     | Reached skill level 11 in Dodging
 12726 | D:10     | Noticed a cyclops
 12738 | D:10     | Killed a cyclops
 12738 | D:10     | Reached ***** piety under Okawaru
 12801 | D:10     | Received a gift from Okawaru
 13331 | D:11     | Noticed a boulder beetle
 13400 | D:11     | Killed a boulder beetle
 13401 | D:11     | Reached skill level 1 in Shields
 13459 | D:11     | Noticed a centaur warrior
 13487 | D:11     | Killed a centaur warrior
 13488 | D:11     | Reached XP level 12. HP: 63/96 MP: 12/12
 13643 | D:11     | Found a staircase to the Lair.
 13998 | D:11     | Identified the +0 pair of gloves of the Northern Lights
                  | {-Tele rElec Regen+ Str+8}
 14185 | Lair:1   | Entered Level 1 of the Lair of Beasts
 14360 | Lair:1   | Received a gift from Okawaru
 14361 | Lair:1   | Reached skill level 12 in Dodging
 14419 | Lair:1   | Reached skill level 10 in Fighting
 14552 | Lair:1   | Noticed Harold
 14559 | Lair:1   | Received a gift from Okawaru
 14586 | Lair:1   | Killed Harold
 14863 | Lair:1   | Noticed Grum
 14910 | Lair:1   | Received a gift from Okawaru
 14923 | Lair:1   | Killed Grum
 14945 | Lair:1   | Noticed Sonja
 14952 | Lair:1   | Killed Sonja
 15073 | Lair:1   | Received a gift from Okawaru
 15252 | Lair:2   | Identified the ring "Ijees" {Wiz MP+9}
 15254 | Lair:2   | Found a staircase to the Snake Pit.
 15293 | Lair:2   | Reached ****** piety under Okawaru
 15319 | Lair:2   | Received a gift from Okawaru
 15385 | Lair:2   | Found a gate leading to a gauntlet.
 15391 | Gauntlet | Entered a Gauntlet
 15391 | Gauntlet | Found a transporter.
 15391 | Gauntlet | Found a transporter.
 15404 | Gauntlet | Found a transporter.
 15420 | Gauntlet | Found a transporter.
 15420 | Gauntlet | Found a transporter.
 15420 | Gauntlet | Found a transporter.
 15422 | Gauntlet | Found a transporter.
 15422 | Gauntlet | Found a transporter.
 15437 | Gauntlet | Found a transporter.
 15450 | Gauntlet | Found a transporter.
 15451 | Gauntlet | Noticed a hell hog
 15458 | Gauntlet | Noticed a great orb of eyes
 15460 | Gauntlet | Found a transporter.
 15475 | Gauntlet | Found a transporter.
 15495 | Gauntlet | Found a transporter.
 15507 | Gauntlet | Found a transporter.
 15661 | Gauntlet | Received a gift from Okawaru
 15669 | Gauntlet | Identified the ring of Ozxaval {Drain +Blink rPois Int+9
                  | Dex+6}
 15749 | Gauntlet | Killed a hell hog
 15790 | Gauntlet | Identified the amulet of Seros {Faith rC+ rN++ Will+
                  | Regen+}
 15815 | Gauntlet | Noticed a minotaur
 15853 | Gauntlet | Killed a minotaur
 15853 | Gauntlet | Received a gift from Okawaru
 15854 | Gauntlet | Reached XP level 13. HP: 76/104 MP: 13/13
 16680 | Lair:3   | Reached skill level 13 in Dodging
 16837 | Lair:3   | Received a gift from Okawaru
 16838 | Lair:3   | Reached skill level 5 in Shields
 16875 | Lair:3   | Reached skill level 10 in Throwing
 17393 | Lair:3   | Paralysed by a floating eye for 3 turns
 18095 | Lair:3   | Identified the +0 robe of Optimism {+Inv rElec Will++
                  | Int-5} (Okawaru gifted it to you on level 3 of the Lair of
                  | Beasts)
 18095 | Lair:3   | Received a gift from Okawaru
 19294 | Lair:4   | Found a staircase to the Shoals.
 20009 | Lair:5   | Reached skill level 14 in Dodging
 20382 | Lair:5   | Found a staircase to the Slime Pits.
 20451 | Lair:5   | Reached XP level 14. HP: 90/114 MP: 14/14
 20633 | Lair:6   | Entered Level 6 of the Lair of Beasts
 20645 | Lair:5   | Identified the +0 pair of gloves "Suit" {Int+3 Dex+3}
                  | (Okawaru gifted it to you on level 5 of the Lair of Beasts)
 20645 | Lair:5   | Received a gift from Okawaru
 20729 | Lair:6   | Reached skill level 1 in Invocations
 21376 | Lair:6   | Got The Foundations of Spellcraft
 21850 | Lair:6   | Received a gift from Okawaru
 21928 | Lair:6   | Received a gift from Okawaru
 22335 | Lair:6   | Received a gift from Okawaru
 22380 | Lair:6   | Received a gift from Okawaru
 22431 | Lair:6   | Identified 2 scrolls of acquirement
 22437 | Lair:6   | Identified the +6 dagger of the Vulture {vorpal, rN+}
 22829 | D:3      | Killed sojurn's ghost
 22887 | D:3      | Killed Crazy Yiuf
 23456 | D:12     | Reached skill level 15 in Dodging
 23459 | D:12     | Identified the +1 hat of Seifoicu {Regen+ Int+4 Dex+3}
                  | (Okawaru gifted it to you on level 12 of the Dungeon)
 23459 | D:12     | Received a gift from Okawaru
 23884 | D:12     | Reached XP level 15. HP: 122/122 MP: 18/18
 24021 | D:12     | Found a staircase to the Orcish Mines.
 24273 | Orc:1    | Entered Level 1 of the Orcish Mines
 24444 | Orc:2    | Entered Level 2 of the Orcish Mines
 24444 | Orc:2    | Found a staircase to the Elven Halls.
 24452 | Orc:2    | Found a frozen archway.
 24512 | IceCv    | Entered an ice cave
 24787 | IceCv    | Identified the +8 halberd "Guntuese" {vamp, Int+2}
 25042 | IceCv    | Reached skill level 5 in Invocations
 25269 | IceCv    | Noticed an azure jelly
 25271 | IceCv    | Noticed an azure jelly
 25284 | IceCv    | Killed an azure jelly
 25284 | IceCv    | Identified the +7 halberd of the Crypt {drain, Fly rF+
                  | Str-2} (Okawaru gifted it to you in an ice cave)
 25284 | IceCv    | Received a gift from Okawaru
 25294 | IceCv    | Killed an azure jelly
 25305 | IceCv    | Found a viscous altar of Jiyva.
 25828 | Orc:2    | Noticed Urug
 25855 | Orc:2    | Killed Urug
 26559 | Orc:2    | Received a gift from Okawaru
 26704 | Orc:2    | Received a gift from Okawaru
 26737 | Orc:2    | Found Dotozer's Book Shoppe.
 26740 | Orc:2    | Found Ximut's Antique Armour Shoppe.
 26741 | Orc:2    | Found Mefioc's Assorted Antiques.
 26742 | Orc:2    | Found Cudeng's Book Emporium.
 27221 | D:13     | Reached skill level 16 in Dodging
 27558 | D:13     | Received a gift from Okawaru
 27655 | D:13     | Found a gate to the Vaults.
 28200 | D:14     | Reached XP level 16. HP: 132/132 MP: 21/21
 28296 | D:14     | Found a gateway to a bazaar.
 28878 | D:15     | Entered Level 15 of the Dungeon
 29001 | D:15     | Received a gift from Okawaru
 29414 | D:15     | Found a staircase to the Depths.
 29703 | D:15     | Noticed Josephine
 29715 | D:15     | Killed Josephine
 29715 | D:15     | Received a gift from Okawaru
 30189 | Snake:1  | Entered Level 1 of the Snake Pit
 30216 | Snake:1  | Found Medghokoy's Book Shoppe.
 30216 | Snake:1  | Found Pooq's Antique Weapon Emporium.
 30258 | Snake:1  | Received a gift from Okawaru
 30339 | Snake:1  | Reached skill level 10 in Armour
 30350 | Snake:1  | Reached skill level 10 in Shields
 30350 | Snake:1  | You fall into a shaft and drop 1 floor!
 30354 | Snake:2  | Noticed Aizul
 30385 | Snake:2  | Killed Aizul
 30444 | Snake:2  | Reached skill level 1 in Evocations
 30632 | Snake:2  | Reached skill level 17 in Dodging
 31459 | Snake:2  | Reached XP level 17. HP: 122/140 MP: 23/23
 31513 | Snake:2  | Received a gift from Okawaru
 31879 | Snake:3  | Identified the +2 scale mail of Decompression {rN+ MP+9
                  | Str+4} (Okawaru gifted it to you on level 3 of the Snake
                  | Pit)
 31879 | Snake:3  | Received a gift from Okawaru
 32003 | Snake:3  | Learned a level 2 spell: Wereblood
 32174 | Snake:3  | Reached skill level 1 in Transmutations
 32209 | Snake:3  | Reached skill level 1 in Spellcasting
 32709 | Snake:3  | Found Feqiss's Assorted Antiques.
 32841 | Snake:4  | Entered Level 4 of the Snake Pit
 32966 | Snake:3  | Received a gift from Okawaru
 33045 | Snake:4  | Noticed Mlioglotl
 33066 | Snake:4  | Killed Mlioglotl
 33625 | Snake:4  | Reached skill level 15 in Fighting
 33660 | Snake:4  | Received a gift from Okawaru
 33679 | Snake:4  | Received a gift from Okawaru
 33749 | Snake:4  | Received a gift from Okawaru
 33850 | Snake:4  | Got a serpentine rune of Zot
 34043 | Snake:4  | Noticed Vashnia
 34084 | Snake:4  | Reached XP level 18. HP: 149/149 MP: 23/25
 34120 | Snake:4  | Killed Vashnia
 34137 | Snake:4  | Identified the +1 plate armour "Uvayrr West" {Fly rC+ Str+2
                  | Dex+3} (Okawaru gifted it to you on level 4 of the Snake
                  | Pit)
 34137 | Snake:4  | Received a gift from Okawaru
 34466 | Shoals:1 | Entered Level 1 of the Shoals
 34495 | Shoals:1 | Reached skill level 5 in Evocations
 34642 | Shoals:1 | Reached skill level 5 in Transmutations
 34684 | Shoals:1 | Reached skill level 18 in Dodging
 34742 | Shoals:1 | Paralysed by you for 6 turns
 34895 | Shoals:1 | Reached skill level 10 in Invocations
 35356 | Shoals:1 | Noticed a tentacled monstrosity
 35366 | Shoals:1 | Killed a tentacled monstrosity
 35368 | Shoals:1 | Identified the ring "Figg" {Str+2 SInv}
 35642 | Shoals:2 | Received a gift from Okawaru
 36029 | Shoals:2 | Received a gift from Okawaru
 36046 | Shoals:2 | Found a runed translucent door.
 36392 | Bazaar   | Entered a bazaar
 36418 | Bazaar   | Found Muulud's Magic Scroll Shoppe.
 36426 | Bazaar   | Bought a scroll of enchant weapon for 90 gold pieces
 36426 | Bazaar   | Bought a scroll of magic mapping for 42 gold pieces
 36426 | Bazaar   | Bought a scroll of fog for 24 gold pieces
 36480 | Bazaar   | Found Fatoh's Assorted Antiques.
 36488 | Bazaar   | Bought a red potion for 17 gold pieces
 36528 | Bazaar   | Found Womuo's Assorted Antiques.
 36536 | Bazaar   | Bought a potion of haste for 280 gold pieces
 36536 | Bazaar   | Bought a scroll of fear for 98 gold pieces
 36536 | Bazaar   | Bought a potion of heal wounds for 140 gold pieces
 36536 | Bazaar   | Bought a scroll of magic mapping for 98 gold pieces
 36571 | Bazaar   | Found Qemohuo's Book Shoppe.
 37179 | Shoals:2 | Found a corrupted altar of Lugonu.
 37428 | Shoals:2 | Found a one-way gate to the infinite horrors of the Abyss.
 37486 | Shoals:3 | Found Zuameda's Assorted Antiques.
 37530 | Shoals:3 | Bought a scroll of acquirement for 1404 gold pieces
 37530 | Shoals:3 | Bought a wand of iceblast (11) for 108 gold pieces
 37530 | Shoals:3 | Bought a potion of berserk rage for 135 gold pieces
 37530 | Shoals:3 | Bought a potion of might for 108 gold pieces
 37867 | D:15     | Acquired a manual of Transmutations
 37869 | D:15     | Acquired 1043 gold pieces
 37871 | D:15     | Acquired 814 gold pieces
 37873 | D:15     | Acquired a +1 cloak of willpower
 38782 | Shoals:4 | Entered Level 4 of the Shoals
 38837 | Shoals:4 | Received a gift from Okawaru
 38903 | Shoals:4 | Identified the +0 robe "Duok" {Regen+ Str+4 Slay+2}
                  | (Okawaru gifted it to you on level 4 of the Shoals)
 38903 | Shoals:4 | Received a gift from Okawaru
 38981 | Shoals:4 | Reached XP level 19. HP: 157/157 MP: 26/26
 39040 | Shoals:4 | Noticed Bai Suzhen
 39114 | Shoals:4 | Killed Bai Suzhen
 39136 | Shoals:4 | Got a barnacled rune of Zot
 39261 | Shoals:4 | Reached skill level 5 in Spellcasting
 39284 | Shoals:4 | Noticed Polyphemus
 39318 | Shoals:4 | Killed Polyphemus
 39370 | Shoals:4 | Identified the +9 scale mail of Ycsuthaw {Drain Int+10}
 39551 | Shoals:4 | Received a gift from Okawaru
 40200 | Vaults:1 | Entered Level 1 of the Vaults
 41088 | Vaults:1 | Reached skill level 10 in Transmutations
 41192 | Vaults:1 | Found Pyhatu's Weapon Boutique.
 41334 | Vaults:1 | Identified the +1 chain mail "Fuedgh" {rC+ Str+4}
 41366 | Vaults:1 | Reached skill level 19 in Dodging
 41369 | Vaults:1 | Received a gift from Okawaru
 41715 | Vaults:1 | Reached XP level 20. HP: 154/165 MP: 28/28
 41797 | Vaults:2 | Got the Catalogue of Earthen Ignition
 41892 | Vaults:2 | Identified the +0 robe of the Undertaker {rF+ rN+} (Okawaru
                  | gifted it to you on level 2 of the Vaults)
 41892 | Vaults:2 | Received a gift from Okawaru
 41985 | Vaults:2 | Reached skill level 15 in Throwing
 43207 | Vaults:3 | Received a gift from Okawaru
 43222 | Arena    | Entered the Arena
 43520 | Vaults:3 | Found a staircase to the Crypt.
 44364 | Vaults:4 | Received a gift from Okawaru
 44411 | Vaults:4 | Received a gift from Okawaru
 44438 | Vaults:4 | Reached XP level 21. HP: 134/172 MP: 29/31
 44468 | Vaults:4 | Noticed Mennas
 44488 | Arena    | Entered the Arena
 44507 | Arena    | Mangled by Mennas

Illustrated notes

Levels and vault maps discovered:
D:1:      scummos_arrival_simple_crosswalls, layout_basic,
          chequers_hall_statues_wall_a
D:2:      layout_loops_ring, dilly_ecumenical_altar_fadedgnrine, uniq_robin
D:3:      kennysheep_goblin_castle, layout_loops_corners,
          nicolae_yredelemnul_ghost_church, minmay_starry_boxes, uniq_grinder,
          uniq_jessica, uniq_sigmund, uniq_crazy_yiuf_cottage, uniq_natasha
D:4:      layout_loops_corners, minmay_bent
D:5:      layout_basic, grunt_temple_overflow_open, grunt_ministairs_1,
          minmay_misc_feat_tiny
D:6:      layout_cave_pods, minmay_temple_entry_wispy
D:7:      layout_cave_pools, mainiacjoe_overflow_alcove_1
D:8:      layout_basic, serial_shops, kennysheep_little_box, uniq_maggie
D:9:      layout_rooms, uniq_erolcha
D:10:     layout_rooms
D:11:     layout_roguey, lair_entry_dummy, minmay_holes
D:12:     layout_roguey, orc_0_dummy, kennysheep_minor_cross, eino_curves_02
D:13:     layout_stronghold, hangedman_vaults_entry_quadrant_bands,
          serial_glass, glass_columns_c, glass_columns_a
D:14:     layout_gridville, serial_shops, statue_bzr
D:15:     gammafunk_depths_entry_grave, layout_stronghold,
          minmay_misc_feat_cross, uniq_josephine
Lair:1:   layout_hall_layers, uniq_harold, uniq_grum, uniq_sonja
Lair:2:   layout_roguey, minmay_snake_entry_guardpost_small,
          gauntlet_entry_generic, serial_bayou_crossing,
          infiniplex_staircase_pool
Lair:3:   layout_gridlike, chequers_serial_rivers_large_b, disabler_island
Lair:4:   layout_cave_pods, minmay_shoals_entry_lonely_mermaid
Lair:5:   layout_loops_ring, minmay_slime_entry_oklob_open, wad_woods_river_02,
          minivault_24, lemuel_fruit_tree
Lair:6:   grunt_lair_end_beastmaster, layout_big_grid,
          chequers_serial_rivers_small_a, grunt_megastairs_1
Shoals:1: dreamdust_from_the_deep, layout_shoals, nicolae_shoals_aquamancer_cove
Shoals:2: layout_shoals, nicolae_shoals_abyss_on_the_beach
Shoals:3: layout_shoals, serial_shops, shop
Shoals:4: shoals_end_grunt_garden, layout_shoals, uniq_bai_suzhen,
          uniq_polyphemus
Snake:1:  layout_rooms, minmay_shoptagon, grunt_megastairs_3
Snake:2:  layout_concentric_octagons, nicolae_snake_gridmaze_spiral, uniq_aizul
Snake:3:  layout_concentric_octagons, serial_shops, nicolae_take_the_stairs,
          nicolae_snake_gridmaze_big_u, serial_bayou_shore_a
Snake:4:  snake_pit_salamanders_mu, layout_layer_cave, uniq_vashnia,
          uniq_mlioglotl
Orc:1:    layout_caves
Orc:2:    st_orc_pillars, layout_caves, portal_ice_cave_entry_ice_simulacra,
          mines1_david, uniq_urug
Vaults:1: v_rooms_5, nicolae_vaults_network_barrier, v_alt_pattern_4, v_misc_26,
          vaults_room_octagon, grunt_vaults_twisty, st_lines, v_alt_pattern_6,
          nicolae_vaults_border_crossing, layout_vaults_omnigrid, serial_shops,
          shop
Vaults:2: vaults_room_ringed_pool, v_misc_13, v_pattern_3, vaults_room_pools,
          layout_vaults_chaotic_city
Vaults:3: ontoclasm_vaults_shout, v_alt_pattern_6, vaults_room_octagon,
          nicolae_vaults_what_the_h, nicolae_vaults_yaktaur_gun_rack,
          hangedman_vaults_slither, serial_ice_g,
          nicolae_vaults_big_angled_halls, vaults_dpeg_diagonal,
          minmay_crypt_entry_vampire_xt, vaults_room_grid,
          nicolae_vaults_specimen_jars, ontoclasm_vaults_ring_small,
          v_pattern_1, vaults_room_door_hall, layout_vaults_omnibox
Vaults:4: vaults_mumra_chevron, v_misc_3, vaults_dpeg_ring,
          vaults_standard_mumra_x, nicolae_vaults_twisting_passages, v_misc_11,
          v_misc_9, hangedman_vaults_snaps, st_cross, ontoclasm_vaults_shuriken,
          grunt_vaults_hallway_short, v_misc_24, layout_vaults_ring, uniq_mennas
Arena

Skill      XL: |  1  2  3  4  5  6  7  8  9 10 11 12 13 14 15 16 17 18 19 20 |
---------------+-------------------------------------------------------------+-----
Polearms       | 5 6 7 8 9 11 12 13 14 | 14.0
Armour         | 1 2 3 4 5 6 7 8 9 10 11 | 11.8
Fighting       | 3 4 5 7 8 9 10 11 12 13 14 15 16 | 16.7
Dodging        | 5 6 7 9 10 11 12 14 15 16 17 18 19 | 19.6
Throwing       | 3 4 5 6 7 8 9 10 11 12 13 14 15 | 15.4
Shields        | 1 4 6 8 9 10 11 12 13 | 13.0
Invocations    | 4 6 8 9 10 11 12 | 12.1
Evocations     | 2 4 6 7 8 |  8.7
Transmutations | 4 7 10 12 | 12.9
Spellcasting   | 2 4 5 7 |  7.0

Action                   |  1- 3 |  4- 6 |  7- 9 | 10-12 | 13-15 | 16-18 | 19-21 || total
-------------------------+-------+-------+-------+-------+-------+-------+-------++-------
Melee: Trident           |    97 |   133 |       |       |  1108 |       |       ||  1338
       Scythe            |       |    19 |   361 |   338 |       |       |       ||   718
       Tailslap          |       |       |     2 |       |    27 |    56 |    28 ||   113
       Spear             |       |       |       |   651 |  1480 |       |       ||  2131
       Demon trident     |       |       |       |       |   307 |  2031 |  1284 ||  3622
 Fire: Hunting sling     |       |       |       |       |   112 |    32 |       ||   144
Throw: Stone             |       |     2 |     1 |       |       |       |       ||     3
       Throwing net      |       |     1 |       |       |       |       |       ||     1
       Dart              |       |       |     2 |    24 |    10 |       |       ||    36
       Boomerang         |       |       |       |       |     8 |    63 |    42 ||   113
 Cast: Wereblood         |       |       |       |       |       |     5 |    17 ||    22
Invok: Heroism           |       |       |       |       |       |     3 |     1 ||     4
       Duel              |       |       |       |       |       |       |     2 ||     2
Evoke: Wand              |       |       |       |     1 |       |       |       ||     1
  Use: Scroll            |       |       |     6 |    16 |    15 |    16 |     5 ||    58
       Potion            |       |       |     2 |     2 |       |       |     4 ||     8
 Stab: Sleeping          |     4 |     2 |     5 |     1 |    15 |     9 |     3 ||    39
       Held in net/web   |       |     1 |       |       |       |       |       ||     1
       Paralysed         |       |       |       |     2 |       |       |       ||     2
       Petrified         |       |       |       |       |     3 |     7 |       ||    10
       Distracted        |       |       |       |       |     3 |     2 |     3 ||     8
Armor: Leather armour    |    12 |    52 |    95 |       |       |       |       ||   159
       Acid dragon scale |       |       |    15 |    20 |    43 |       |       ||    78
       Troll leather arm |       |       |       |   133 |   179 |   179 |       ||   491
       Robe              |       |       |       |       |       |       |    66 ||    66
Dodge: Dodged            |    46 |   115 |   418 |   716 |  1307 |  1149 |   683 ||  4434
Block: Other             |       |       |    17 |    99 |       |       |       ||   116
       Reflection        |       |       |     2 |     7 |       |       |       ||     9
       Buckler           |       |       |       |   188 |   324 |       |       ||   512
       Kite shield       |       |       |       |       |   576 |  1264 |   791 ||  2631

Table legend: (Time is in decaauts)
 A = Elapsed time spent in this place.
 B = Non-inter-level travel time spent in this place.
 C = Inter-level travel time spent in this place.
 D = Time resting spent in this place.
 E = Time spent auto-exploring this place.
 F = Levels seen in this place.
 G = Mean time per level.
                   A        B        C        D        E       F      G
               +--------+--------+--------+--------+--------+-----+--------+
         Total |  41519 |  38001 |   3518 |   1953 |  23966 |  40 | 1038.0 |
       Dungeon |  19648 |  17686 |   1962 |   1048 |  12012 |  15 | 1309.9 |
          Lair |   7747 |   6807 |    940 |    685 |   4040 |   6 | 1291.2 |
        Shoals |   3073 |   2847 |    226 |      6 |   1729 |   4 |  768.2 |
     Snake Pit |   3866 |   3572 |    294 |     66 |   2083 |   4 |  966.5 |
  Orcish Mines |   1520 |   1481 |     39 |      8 |    695 |   2 |  760.0 |
        Vaults |   3914 |   3860 |     54 |     22 |   2750 |   4 |  978.5 |
        Bazaar |    448 |    448 |      0 |      0 |    407 |   1 |  448.0 |
      Ice Cave |    835 |    835 |      0 |    107 |     90 |   1 |  835.0 |
      Gauntlet |    434 |    434 |      0 |      0 |    158 |   1 |  434.0 |
         Arena |     30 |     30 |      0 |      9 |      0 |   2 |   15.0 |
               +--------+--------+--------+--------+--------+-----+--------+

Top non-repeatable levels by time:
     D:3: 2501 daAuts
     D:6: 2049 daAuts
     D:8: 2045 daAuts
  Lair:6: 1583 daAuts
  Lair:3: 1472 daAuts
Vaults:1: 1468 daAuts
  Lair:4: 1449 daAuts
     D:1: 1400 daAuts
   Orc:2: 1362 daAuts
    D:11: 1311 daAuts
     D:4: 1224 daAuts
  Lair:1: 1218 daAuts
 Snake:4: 1197 daAuts
    D:13: 1187 daAuts
Vaults:3: 1173 daAuts
